TOP OF THE 1ST |
Connecticut Huskies batting - Pitching for Texas Christian Horned Frogs : LHP Colin Henderson
|
Pitching: LHP Colin Henderson
|
|
Batting: RHB Anthony Payton
|
0-0: Ball 1-0: Ball 2-0: Ball 3-0: Base on Balls
|
Batting: RHB Ron Frost
|
0-0: Ball 1-0: Called Strike 1-1: Fielders Choice at 2nd, 4-6 (Groundball, 4)
|
Batting: RHB Phil Gabriel
|
0-0: Ball 1-0: Grounds into double play, 6-4-3 (Groundball, 6)
|
Top of the 1st over - 0 runs, 0 hits, 0 errors, 0 left on base; Connecticut 0 - Texas Christian 0 |
BOTTOM OF THE 1ST |
Texas Christian Horned Frogs batting - Pitching for Connecticut Huskies : RHP Gavin Shnairson
|
Pitching: RHP Gavin Shnairson
|
|
Batting: RHB Stanton Collins
|
0-0: Called Strike 0-1: Called Strike 0-2: Foul Ball, location: 2F 0-2: SOLO HOME RUN (Flyball, 7LD), Distance : 372 ft
|
Batting: LHB José Martínez
|
0-0: Foul Ball, location: 2F 0-1: Foul Ball, location: 2F 0-2: Ball 1-2: Strikes out swinging
|
Batting: LHB Perry Hayward
|
0-0: Swinging Strike 0-1: Fly out, F1 (Line Drive, 13)
|
Batting: LHB Peter Smith
|
0-0: Called Strike 0-1: Called Strike 0-2: Ball 1-2: Ball 2-2: Ball 3-2: Base on Balls
|
Batting: LHB Fernando Medina
|
0-0: Called Strike 0-1: Ball 1-1: Called Strike 1-2: Ball 2-2: Ground out 1-3 (Groundball, 15S)
|
Bottom of the 1st over - 1 run, 1 hit, 0 errors, 1 left on base; Connecticut 0 - Texas Christian 1 |
TOP OF THE 2ND |
Connecticut Huskies batting - Pitching for Texas Christian Horned Frogs : LHP Colin Henderson
|
Batting: LHB Roberto Martínez
|
0-0: Ball 1-0: Ball 2-0: Swinging Strike 2-1: Swinging Strike 2-2: Strikes out swinging
|
Batting: RHB Terry McRa
|
0-0: Ball 1-0: Foul Ball, location: 2F 1-1: Ball 2-1: Ball 3-1: Base on Balls
|
Batting: RHB Ward Dempsey
|
0-0: Foul Ball, location: 2F 0-1: Ball 1-1: Ball 2-1: Grounds into double play, 6-4-3 (Groundball, 6)
|
Top of the 2nd over - 0 runs, 0 hits, 0 errors, 0 left on base; Connecticut 0 - Texas Christian 1 |
BOTTOM OF THE 2ND |
Texas Christian Horned Frogs batting - Pitching for Connecticut Huskies : RHP Gavin Shnairson
|
Batting: LHB Joaquín Trejo
|
0-0: SINGLE (Flyball, 89S)
|
Batting: RHB José Sandoval
|
0-0: Foul Ball, location: 2F 0-1: Ball 1-1: Ball 2-1: Ball 3-1: Base on Balls Joaquín Trejo to second
|
Batting: LHB Donald Armstrong
|
0-0: Foul Ball, location: 2F 0-1: Swinging Strike 0-2: SINGLE (Flyball, 7S) Joaquín Trejo to third José Sandoval to second
|
Batting: RHB Lee Elliott
|
0-0: Called Strike 0-1: Fly out, F9 (Line Drive, 9) Runner from 3rd tags up, OUT at HOME José Sandoval to third Donald Armstrong to second
|
Batting: RHB Stanton Collins
|
0-0: Called Strike 0-1: Ball 1-1: Ball 2-1: Fly out, F9 (Flyball, 9D)
|
Bottom of the 2nd over - 0 runs, 2 hits, 0 errors, 2 left on base; Connecticut 0 - Texas Christian 1 |
TOP OF THE 3RD |
Connecticut Huskies batting - Pitching for Texas Christian Horned Frogs : LHP Colin Henderson
|
Batting: LHB Garth Gallegos
|
0-0: Foul Ball, location: 2F 0-1: Ball 1-1: SINGLE (Groundball, 4) (infield hit)
|
Batting: RHB George Powell
|
0-0: Called Strike Garth Gallegos is caught stealing 2nd base 0-1: Ball 1-1: Ball 2-1: Called Strike 2-2: Ground out 4-3 (Groundball, 34)
|
Batting: RHB Jeremy Day
|
0-0: Ball 1-0: SINGLE (Groundball, 6MD)
|
Batting: RHB Anthony Payton
|
0-0: Ball 1-0: Called Strike 1-1: Ball 2-1: Swinging Strike 2-2: Ball 3-2: Foul Ball, location: 2F 3-2: Foul Ball, location: 2F 3-2: Base on Balls Jeremy Day to second
|
Batting: RHB Ron Frost
|
0-0: SINGLE (Groundball, 6MD) Jeremy Day to third Anthony Payton to second Runner from 3rd tries for Home, SAFE, no throw
|
Batting: RHB Phil Gabriel
|
0-0: Foul Ball, location: 2F 0-1: Foul Ball, location: 2F 0-2: SINGLE (Line Drive, 56D) Anthony Payton to third Ron Frost to second Runner from 3rd tries for Home, SAFE, no throw
|
Batting: LHB Roberto Martínez
|
0-0: Swinging Strike 0-1: Swinging Strike 0-2: Ball 1-2: Foul Ball, location: 2F 1-2: Ball 2-2: Foul Ball, location: 2F 2-2: Ball 3-2: Base on Balls Ron Frost to third Phil Gabriel to second
|
Batting: RHB Terry McRa
|
0-0: Foul Ball, location: 2F 0-1: Ball 1-1: Ball 2-1: Ground out 6-3 (Groundball, 6)
|
Top of the 3rd over - 2 runs, 4 hits, 0 errors, 3 left on base; Connecticut 2 - Texas Christian 1 |
BOTTOM OF THE 3RD |
Texas Christian Horned Frogs batting - Pitching for Connecticut Huskies : RHP Gavin Shnairson
|
Batting: LHB José Martínez
|
0-0: Called Strike 0-1: Fly out, F8 (Flyball, 8LXD)
|
Batting: LHB Perry Hayward
|
0-0: Called Strike 0-1: Called Strike 0-2: Strikes out swinging
|
Batting: LHB Peter Smith
|
0-0: Ball 1-0: Foul Ball, location: 2F 1-1: Foul Ball, location: 2F 1-2: SOLO HOME RUN (Flyball, 89XD), Distance : 426 ft
|
Batting: LHB Fernando Medina
|
0-0: Ball 1-0: Ball 2-0: Ball 3-0: Called Strike 3-1: Reached on error, E3 (Groundball, 34)
|
Batting: LHB Joaquín Trejo
|
0-0: Ball 1-0: Foul Ball, location: 2F 1-1: Swinging Strike 1-2: Foul Ball, location: 2F 1-2: Strikes out swinging
|
Bottom of the 3rd over - 1 run, 1 hit, 1 error, 1 left on base; Connecticut 2 - Texas Christian 2 |
TOP OF THE 4TH |
Connecticut Huskies batting - Pitching for Texas Christian Horned Frogs : LHP Colin Henderson
|
Batting: RHB Ward Dempsey
|
0-0: SINGLE (Flyball, 7LS)
|
Batting: LHB Garth Gallegos
|
0-0: Ball 1-0: Swinging Strike 1-1: Fielders Choice at 2nd, 5-4 (Groundball, 56)
|
Batting: RHB George Powell
|
0-0: Swinging Strike 0-1: Called Strike Garth Gallegos is caught stealing 2nd base 0-2: Ball 1-2: Strikes out looking
|
Top of the 4th over - 0 runs, 1 hit, 0 errors, 0 left on base; Connecticut 2 - Texas Christian 2 |
BOTTOM OF THE 4TH |
Texas Christian Horned Frogs batting - Pitching for Connecticut Huskies : RHP Gavin Shnairson
|
Batting: RHB José Sandoval
|
0-0: Ball 1-0: Ball 2-0: Ball 3-0: Base on Balls
|
Batting: LHB Donald Armstrong
|
0-0: Ball 1-0: Ball 2-0: TRIPLE (Line Drive, 7D) José Sandoval scores
|
Batting: RHB Lee Elliott
|
0-0: Called Strike 0-1: SINGLE (Groundball, 56S) (infield hit) Donald Armstrong scores
|
Batting: RHB Stanton Collins
|
0-0: Fly out, F9 (Flyball, 89M)
|
Batting: LHB José Martínez
|
0-0: Ball Lee Elliott is caught stealing 2nd base 1-0: SINGLE (Flyball, 7S)
|
Batting: LHB Perry Hayward
|
0-0: Ball 1-0: Swinging Strike 1-1: Ball 2-1: Swinging Strike 2-2: Ground out U3 (Groundball, 3S)
|
Bottom of the 4th over - 2 runs, 3 hits, 0 errors, 1 left on base; Connecticut 2 - Texas Christian 4 |
TOP OF THE 5TH |
Connecticut Huskies batting - Pitching for Texas Christian Horned Frogs : LHP Colin Henderson
|
Batting: RHB Jeremy Day
|
0-0: Called Strike 0-1: Ball 1-1: Ball 2-1: Ground out U3 (Groundball, 34)
|
Batting: RHB Anthony Payton
|
0-0: Ball 1-0: Foul Ball, location: 2F 1-1: Foul Ball, location: 2F 1-2: SINGLE (Groundball, 4D)
|
Batting: RHB Ron Frost
|
0-0: Ball 1-0: SINGLE (Line Drive, 8RS) Anthony Payton to second
|
Batting: RHB Phil Gabriel
|
0-0: Ball Anthony Payton steals 3rd base Ron Frost to second 1-0: Ball 2-0: Foul Ball, location: 2F 2-1: Called Strike 2-2: Hit by Pitch
|
Pitching: RHP Dennis Nicholas
|
|
Batting: LHB Roberto Martínez
|
0-0: Ball 1-0: Ball 2-0: Ball 3-0: Called Strike 3-1: Fly out, F6 (Popup, 56)
|
Batting: RHB Terry McRa
|
0-0: Ball 1-0: Ball 2-0: Fielders Choice at 2nd, 5-4 (Groundball, 56)
|
Top of the 5th over - 0 runs, 2 hits, 0 errors, 3 left on base; Connecticut 2 - Texas Christian 4 |
BOTTOM OF THE 5TH |
Texas Christian Horned Frogs batting - Pitching for Connecticut Huskies : RHP Gavin Shnairson
|
Batting: LHB Peter Smith
|
0-0: Ball 1-0: Ground out 6-3 (Groundball, 6)
|
Batting: LHB Fernando Medina
|
0-0: Ball 1-0: Foul Ball, location: 2F 1-1: Ground out 5-3 (Groundball, 56)
|
Batting: LHB Joaquín Trejo
|
0-0: DOUBLE (Line Drive, 89M)
|
Batting: RHB José Sandoval
|
0-0: Ball 1-0: Foul Ball, location: 2F 1-1: Ball 2-1: Foul Ball, location: 2F 2-2: Ground out 2-3 (Groundball, 15S)
|
Bottom of the 5th over - 0 runs, 1 hit, 0 errors, 1 left on base; Connecticut 2 - Texas Christian 4 |
TOP OF THE 6TH |
Connecticut Huskies batting - Pitching for Texas Christian Horned Frogs : RHP Dennis Nicholas
|
Batting: RHB Ward Dempsey
|
0-0: Called Strike 0-1: Ball 1-1: Ground out 1-3 (Groundball, 13S)
|
Batting: LHB Garth Gallegos
|
0-0: Ball 1-0: Ball 2-0: SINGLE (Line Drive, 89S)
|
Batting: RHB George Powell
|
0-0: Ball 1-0: Foul Ball, location: 2F 1-1: Ball 2-1: Foul Ball, location: 2F 2-2: Foul Ball, location: 2F 2-2: SINGLE (Line Drive, 78S) Garth Gallegos to second Garth Gallegos to third
|
Batting: RHB Jeremy Day
|
0-0: Called Strike 0-1: Fly out, F9 (Flyball, 89M) Runner from 3rd tags up, SCORES, no throw
|
Batting: RHB Anthony Payton
|
0-0: Ball 1-0: Called Strike 1-1: Ball 2-1: Fly out, F7 (Flyball, 7)
|
Top of the 6th over - 1 run, 2 hits, 0 errors, 1 left on base; Connecticut 3 - Texas Christian 4 |
BOTTOM OF THE 6TH |
Texas Christian Horned Frogs batting - Pitching for Connecticut Huskies : RHP Gavin Shnairson
|
Pitching: LHP Randall Smith
|
|
Batting: LHB Donald Armstrong
|
0-0: Ball 1-0: Called Strike 1-1: Ball 2-1: Ball 3-1: Base on Balls
|
Batting: RHB Lee Elliott
|
0-0: Called Strike 0-1: Ball 1-1: Called Strike 1-2: Ball 2-2: Foul Ball, location: 2F 2-2: Ball 3-2: Base on Balls Donald Armstrong to second
|
Batting: RHB Stanton Collins
|
0-0: Ball 1-0: Ball 2-0: Foul Ball, location: 2F 2-1: Ball 3-1: Base on Balls Donald Armstrong to third Lee Elliott to second
|
Batting: LHB José Martínez
|
0-0: Called Strike 0-1: Ball 1-1: Ball 2-1: Ball 3-1: Foul Ball, location: 2F 3-2: Foul Ball, location: 2F 3-2: Fly out, F9 (Flyball, 9) Runner from 3rd tags up, SCORES, throw made
|
Batting: LHB Perry Hayward
|
0-0: Ball 1-0: Called Strike 1-1: Swinging Strike 1-2: Strikes out swinging
|
Batting: LHB Peter Smith
|
0-0: Ball Stanton Collins is caught stealing 2nd base
|
Bottom of the 6th over - 1 run, 0 hits, 0 errors, 1 left on base; Connecticut 3 - Texas Christian 5 |
TOP OF THE 7TH |
Connecticut Huskies batting - Pitching for Texas Christian Horned Frogs : RHP Dennis Nicholas
|
Batting: RHB Ron Frost
|
0-0: Ball 1-0: Ball 2-0: Foul Ball, location: 2F 2-1: Foul Ball, location: 2F 2-2: Foul Ball, location: 2F 2-2: Ball 3-2: Ground out 6-3 (Groundball, 6)
|
Batting: RHB Phil Gabriel
|
0-0: Called Strike 0-1: Ball 1-1: Foul Ball, location: 2F 1-2: Foul Ball, location: 2F 1-2: Foul Ball, location: 2F 1-2: Foul Ball, location: 2F 1-2: Ground out 6-3 (Groundball, 6S)
|
Batting: LHB Roberto Martínez
|
0-0: SOLO HOME RUN (Flyball, 9D), Distance : 363 ft
|
Pitching: RHP Robby Fox
|
|
Batting: RHB Terry McRa
|
0-0: Ball 1-0: Called Strike 1-1: Swinging Strike 1-2: Ball 2-2: Foul Ball, location: 2F 2-2: Ground out 5-3 (Groundball, 56)
|
Top of the 7th over - 1 run, 1 hit, 0 errors, 0 left on base; Connecticut 4 - Texas Christian 5 |
BOTTOM OF THE 7TH |
Texas Christian Horned Frogs batting - Pitching for Connecticut Huskies : LHP Randall Smith
|
Batting: LHB Peter Smith
|
0-0: Called Strike 0-1: Ball 1-1: Ball 2-1: Ground out 6-3 (Groundball, 6)
|
Batting: LHB Fernando Medina
|
0-0: Ball 1-0: Ball 2-0: Ball 3-0: Base on Balls
|
Batting: LHB Joaquín Trejo
|
0-0: Swinging Strike 0-1: Called Strike 0-2: Ball 1-2: Foul Ball, location: 2F 1-2: Foul Ball, location: 2F 1-2: SINGLE (Flyball, 9LS) Fernando Medina to second Runner from 2nd tries for 3rd, SAFE, no throw
|
Batting: RHB José Sandoval
|
0-0: Ball 1-0: Ball 2-0: Foul Ball, location: 2F 2-1: Ball 3-1: Called Strike 3-2: Base on Balls Joaquín Trejo to second
|
Batting: LHB Donald Armstrong
|
0-0: SINGLE (Line Drive, 8RS) Fernando Medina scores Joaquín Trejo to third José Sandoval to second
|
Pitching: RHP Dave Howell
|
|
Batting: RHB Lee Elliott
|
0-0: Ball 1-0: Ball 2-0: Ball 3-0: SINGLE (Flyball, 7LM) Joaquín Trejo scores José Sandoval to third Donald Armstrong to second
|
Batting: RHB Stanton Collins
|
0-0: SINGLE (Flyball, 7LM) José Sandoval scores Donald Armstrong to third Lee Elliott to second Runner from 3rd tries for Home, SAFE, no throw
|
Batting: LHB José Martínez
|
0-0: Ball 1-0: Ball 2-0: Ball 3-0: Called Strike 3-1: Base on Balls Lee Elliott to third Stanton Collins to second
|
Pitching: LHP Jude Hatfield
|
|
Batting: LHB Perry Hayward
|
0-0: Called Strike 0-1: Called Strike 0-2: Ball 1-2: Ball 2-2: Ball 3-2: Foul Ball, location: 2F 3-2: Base on Balls Lee Elliott scores Stanton Collins to third José Martínez to second
|
Batting: LHB Peter Smith
|
0-0: Ball 1-0: Foul Ball, location: 2F 1-1: Ball 2-1: Foul Ball, location: 2F 2-2: Ball 3-2: Base on Balls Stanton Collins scores José Martínez to third Perry Hayward to second
|
Batting: LHB Fernando Medina
|
0-0: Ball 1-0: Ball 2-0: Called Strike 2-1: Grounds into double play, 6-4-3 (Groundball, 6)
|
Bottom of the 7th over - 6 runs, 4 hits, 0 errors, 2 left on base; Connecticut 4 - Texas Christian 11 |
TOP OF THE 8TH |
Connecticut Huskies batting - Pitching for Texas Christian Horned Frogs : RHP Robby Fox
|
Batting: RHB Ward Dempsey
|
0-0: Fly out, F3 (Popup, 3F)
|
Batting: LHB Garth Gallegos
|
0-0: SINGLE (Groundball, 3D)
|
Batting: RHB George Powell
|
0-0: Ball 1-0: Fly out, F3 (Line Drive, 34) Lined into DP, U3 (Line Drive, 34)
|
Top of the 8th over - 0 runs, 1 hit, 0 errors, 0 left on base; Connecticut 4 - Texas Christian 11 |
BOTTOM OF THE 8TH |
Texas Christian Horned Frogs batting - Pitching for Connecticut Huskies : LHP Jude Hatfield
|
Batting: LHB Joaquín Trejo
|
0-0: Ball 1-0: Ball 2-0: Ball 3-0: Called Strike 3-1: Foul Ball, location: 2F 3-2: Strikes out swinging
|
Pitching: RHP Nick Elkins
|
|
Batting: RHB José Sandoval
|
0-0: Ball 1-0: Called Strike 1-1: Foul Ball, location: 2F 1-2: Ball 2-2: Strikes out looking
|
Batting: LHB Donald Armstrong
|
0-0: Called Strike 0-1: Ball 1-1: Swinging Strike 1-2: Strikes out swinging
|
Bottom of the 8th over - 0 runs, 0 hits, 0 errors, 0 left on base; Connecticut 4 - Texas Christian 11 |
TOP OF THE 9TH |
Connecticut Huskies batting - Pitching for Texas Christian Horned Frogs : RHP Robby Fox
|
Now in LF: Jason Ball
|
|
Batting: RHB Jeremy Day
|
0-0: Called Strike 0-1: Ball 1-1: Ball 2-1: DOUBLE (Line Drive, 7D)
|
Batting: RHB Anthony Payton
|
0-0: Called Strike 0-1: Ball 1-1: Ball 2-1: Called Strike 2-2: Foul Ball, location: 2F 2-2: Strikes out swinging
|
Batting: RHB Ron Frost
|
0-0: Ball 1-0: Ball 2-0: Ball 3-0: Called Strike 3-1: Base on Balls
|
Batting: RHB Phil Gabriel
|
0-0: Called Strike 0-1: SINGLE (Flyball, 9LM) Jeremy Day to third Ron Frost to second
|
Batting: LHB Roberto Martínez
|
0-0: Ball 1-0: Swinging Strike 1-1: Foul Ball, location: 2F 1-2: Fly out, F9 (Flyball, 89S)
|
Batting: RHB Terry McRa
|
0-0: Called Strike 0-1: Ball 1-1: Called Strike 1-2: Strikes out swinging
|
Top of the 9th over - 0 runs, 2 hits, 0 errors, 3 left on base; Connecticut 4 - Texas Christian 11 |
|